 Dungeon Sprint DCSS version 0.19.0-11-g3fc08b3 (webtiles) character file.

36 equalderp2856 the Scratcher (level 3, -1/19 HPs)
             Began as a Felid Fighter on Nov 8, 2016.
             Slain by a bullfrog (5 damage)
             ... in the Dungeon (Sprint IX: "|||||||||||||||||||||||||||||").
             The game lasted 00:01:16 (214 turns).

equalderp2856 the Scratcher (Felid Fighter)          Turns: 214, Time: 00:01:16

Health: -1/19      AC:  1    Str: 13    XL:     3   Next: 19%
Magic:  4/4        EV: 21    Int:  9    God:
Gold:   0          SH:  0    Dex: 15    Spells: 0 memorised, 2 levels left
                                        Lives:  0   Deaths: 1

rFire  . . .     SeeInvis +       - Unarmed
rCold  . . .     Gourm    .     (armour unavailable)
rNeg   . . .     Faith    .     (shield unavailable)
rPois  .         Spirit   .     (helmet unavailable)
rElec  .         Reflect  .     (cloak unavailable)
rCorr  .         Harm     .     (gloves unavailable)
MR     .....     NoTele   +     (boots unavailable)
Stlth  ++........               (no amulet)
                                (no ring)
                                (no ring)

@: quick
A: no armour, no weapons or thrown items, stealth, claws 1, fangs 3, see
invisible, carnivore 3, speed 1, shaggy fur 1, slow metabolism 1, sharp paws
a: no special abilities


You were in the Dungeon.
You were not hungry.

You visited 1 branch

Inventory:

Scrolls
 h - a scroll of blinking
Potions
 a - a potion of might
 e - a potion of haste
 f - 2 potions of magic
 g - a potion of berserk rage
Comestibles
 b - a meat ration


   Skills:
 + Level 4.8 Fighting
 + Level 6.1 Dodging
 + Level 0.4 Stealth
 + Level 7.6 Unarmed Combat


You had 2 spell levels left.
You didn't know any spells.

Dungeon Overview and Level Annotations

Branches:
Dungeon (1/1)

Altars:


Innate Abilities, Weirdness & Mutations

You cannot wear armour.
You are incapable of wielding weapons or throwing items.
Your paws allow you to move quietly. (Stealth)
You have sharp claws.
You have razor-sharp teeth.
You have supernaturally acute eyesight. (SInv)
You are carnivorous and can eat meat at any time.
You cover ground quickly.
You are covered in fur. (AC +1)
You have a slow metabolism.
Your sharp claws are effective at attacking unaware monsters.


Message History

You closely miss the bullfrog.
The bullfrog is lightly wounded.
The bullfrog hits you!
The sky beast flickers out of sight for a moment.
The bullfrog barely misses you.
You scratch the bullfrog.
The bullfrog is moderately wounded.
The bullfrog misses you.
You scratch the bullfrog but do no damage.
Your claw misses the bullfrog.
The bullfrog is moderately wounded.
The bullfrog misses you.
You scratch the bullfrog.
The bullfrog is moderately wounded.
The bullfrog hits you!
* * * LOW HITPOINT WARNING * * *
You scratch the bullfrog but do no damage.
The bullfrog is moderately wounded.
The bullfrog hits you.
You die...

▓▓▓▓▓▓▓▓▓▓▓▓▓▓▓▓▓▓▓
..................▓
▓▓▓▓▓▓▓▓▓▓▓▓▓▓▓▓▓.▓
§RYR9YF@.▓
▓▓▓▓▓▓▓▓▓▓


You could see 2 efreet, a gargoyle, an ice beast, a sky beast (invisible) and a
bullfrog.

Vanquished Creatures
  A scorpion (D)
  An orc wizard (D)
  A ball python (D)
  A bat (D)
  2 hobgoblins (D)
  A quokka (D)
  A goblin (D)
8 creatures vanquished.

Notes
Turn   | Place    | Note
-------+----------+-------------------------------------------
     0 | D        | equalderp2856 the Felid Fighter began the quest for the Orb.
     0 | D        | Reached XP level 1. HP: 10/10 MP: 2/2
    19 | D        | Noticed a scorpion
    19 | D        | Noticed an orc wizard
    19 | D        | Noticed an ogre
    19 | D        | Noticed a worker ant
   115 | D        | Killed a scorpion
   115 | D        | Reached skill level 5 in Dodging
   115 | D        | Reached skill level 7 in Unarmed Combat
   115 | D        | Reached XP level 2. HP: 13/15 MP: 3/3
   115 | D        | Reached XP level 3. HP: 16/18 MP: 4/4
   125 | D        | Reached XP level 4. HP: 14/22 MP: 5/5
   129 | D        | Slain by an ogre
   130 | D        | Reached XP level 3. HP: -4/19 MP: 4/4
   208 | D        | Noticed an efreet
   208 | D        | Noticed an ice beast
   208 | D        | Noticed an efreet
   208 | D        | Noticed a gargoyle
   208 | D        | Noticed a sky beast
   208 | D        | Noticed a bullfrog
   214 | D        | Slain by a bullfrog

Skill      XL: |  1  2  3 |
---------------+----------+-----
Fighting       | 4 |  4.8
Dodging        | 5 6 |  6.1
Unarmed Combat | 7 |  7.6
Stealth        | |  0.4

Action                   |  1- 3 |  4- 6 || total
-------------------------+-------+-------++-------
Melee: Unarmed           |    31 |     1 ||    32
       Bite              |     4 |       ||     4
       Punch             |       |     1 ||     1
  Use: Potion            |     2 |       ||     2
 Stab: Sleeping          |     1 |       ||     1
Dodge: Dodged            |    20 |       ||    20
